 Dungeon Crawl Stone Soup version 0.30-a0-760-g5a9884bb7c (webtiles) character file.

Game seed: 1567861131929211974

323 dolemite99 the Magician (level 6, 0/40 HPs)
             Began as a Djinni Air Elementalist on Feb 12, 2023.
             Slain by a black bear (3 damage)
             ... on level 4 of the Dungeon.
             The game lasted 00:04:25 (3626 turns).

dolemite99 the Magician (Djinni Air Elementalist)   Turns: 3626, Time: 00:04:25

Health: 0/40       AC:  4    Str:  7    XL:     6   Next: 77%
Gold:   120        EV: 12    Int: 19    God:
                   SH:  0    Dex: 13

rFire   + + .      SeeInvis .    p - +1 dagger (drain)
rCold   x . .      Faith    .    (no shield)
rNeg    . . .      Spirit   .    a - +1 robe
rPois   ∞          Reflect  .    (no helmet)
rElec   .          Harm     .    m - +0 cloak
rCorr   .          Rampage  .    (no gloves)
Will    .....                    (boots unavailable)
Stlth   ++                       (no amulet)
HPRegen 0.26/turn                (no ring)
MPRegen 0.00/turn                (no ring)

@: brilliant, flying
A: sickness immunity, fire resistance 2, cold vulnerability 1, float, innate
caster, HP casting, extra vitality 1
a: no special abilities


You were on level 4 of the Dungeon.
You visited 1 branch of the dungeon, and saw 4 of its levels.

You collected 120 gold pieces.

Inventory:

Hand Weapons
 p - a +1 dagger of draining (weapon)
Missiles
 i - 9 poisoned darts
Armour
 a - a +1 robe (worn)
 m - a +0 cloak (worn)
Scrolls
 l - a scroll of teleportation
 n - a scroll of vulnerability
Potions
 b - 4 potions of magic
 c - a potion of resistance {unknown}
 d - 4 potions of curing
 e - 2 potions of heal wounds
 g - a potion of brilliance
 h - a potion of haste {unknown}
 k - a potion of mutation
 q - a potion of lignification {unknown}
 r - a potion of experience {unknown}


   Skills:
 - Level 2.1 Dodging
 - Level 1.5 Stealth
 + Level 5.4 Spellcasting


You had 2 spell levels left.
You knew the following spells:

 Your Spells              Type           Power      Damage    Failure   Level
a - Shock                 Conj/Air       100%       1d9       1%          1
b - Static Discharge      Conj/Air       78%        2-6/arc   1%          2
c - Swiftness             Air            39%        N/A       3%          3
d - Airstrike             Air            19%        2d(3-19)  12%         4
e - Magic Dart            Conj           100%       1d8       1%          1
f - Blink                 Tloc           78%        N/A       1%          2
Your spell library was empty.

Dungeon Overview and Level Annotations

Branches:
Dungeon (4/15)             Temple (0/1) D:4

Altars:
The Shining One

Shops:
D:3 *


Innate Abilities, Weirdness & Mutations

You are immune to sickness and miasma.
You are immune to poison.
Your flesh is very heat resistant. (rF++)
You are vulnerable to cold. (rC-)
You float through the air rather than walking.
You learn spells naturally, not from books.
Your magical power is your life essence.
You have superior vitality. (+4 MHP)


Message History

The black bear claws you but does no damage.
The black bear claws you. The worm closely misses you.
The black bear bites you.
The black bear claws you but does no damage. x2
Casting: Static Discharge (safe; 1% risk of failure)
Confirm with . or Enter, or press ? or * to list all spells.
You feel a surge of power!
The black bear is struck by an arc of lightning!
The black bear is severely wounded.
The worm is struck by an arc of lightning!
You kill the worm!
You are struck by an arc of lightning.
The black bear is struck by an arc of lightning.
The black bear is almost dead.
You are struck by an arc of lightning.
The lightning grounds out.
The black bear goes berserk!
The black bear bites you. The black bear barely misses you.
The black bear claws you but does no damage.
The black bear barely misses you. The black bear closely misses you.
The black bear claws you.
* * * LOW HITPOINT WARNING * * *
Casting: Static Discharge (safe; 1% risk of failure)
Confirm with . or Enter, or press ? or * to list all spells.
You feel a surge of power!
The black bear is struck by an arc of lightning.
The black bear is almost dead.
You are struck by an arc of lightning.
* * * LOW HITPOINT WARNING * * *
The black bear is struck by an arc of lightning.
The black bear is almost dead.
You are struck by an arc of lightning.
* * * LOW HITPOINT WARNING * * *
The lightning grounds out.
* * * LOW HITPOINT WARNING * * *
The black bear closely misses you. The black bear barely misses you.
The black bear closely misses you. The black bear bites you.
* * * LOW HITPOINT WARNING * * *
The black bear claws you.
You die...

.>. . .. ..##
#$. . ...
##..####
.....##..#...##
....#..........
.......h..[##
.......@)...#
..........[##
...........#
...........#
############


You could see a black bear (berserk).

Vanquished Creatures
  Grinder (D:3)
  A hound (D:3)
  Jessica (D:3)
  An adder (D:2)
  A white imp (D:3)
  A worm (D:4)
  3 dart slugs
  3 orcs (D:3)
  8 bats
  2 endoplasms (D:1)
  4 giant cockroaches
  7 goblins
  3 hobgoblins
  3 jackals (D:1)
  4 quokkas
  3 ball pythons
  3 frilled lizards
  4 kobolds
  5 rats
58 creatures vanquished.

Notes
Turn   | Place    | Note
-------+----------+-------------------------------------------
     0 | D:1      | dolemite99 the Djinni Air Elementalist began the quest for
                  | the Orb.
     0 | D:1      | dolemite99 set off with the following spells memorised:
                  | Shock, Static Discharge, Swiftness, Airstrike.
     0 | D:1      | Reached XP level 1. HP: 15/15 MP: 0/0
   135 | D:1      | Reached XP level 2. HP: 2/21 MP: 0/0
   623 | D:1      | Reached skill level 3 in Spellcasting
   925 | D:1      | Reached XP level 3. HP: 23/25 MP: 0/0
   925 | D:1      | Learned a level 1 spell: Magic Dart
  1704 | D:2      | Reached XP level 4. HP: 27/31 MP: 0/0
  2241 | D:3      | Found Mueduzuv's General Store.
  2591 | D:3      | Noticed Jessica
  2600 | D:3      | Killed Jessica
  2601 | D:3      | Reached skill level 4 in Spellcasting
  2643 | D:3      | Noticed Grinder
  2652 | D:3      | Killed Grinder
  2653 | D:3      | Reached skill level 5 in Spellcasting
  2653 | D:3      | Reached XP level 5. HP: 26/35 MP: 0/0
  2653 | D:3      | Learned a level 2 spell: Blink
  2653 | D:3      | Reached XP level 6. HP: 29/40 MP: 0/0
  3202 | D:3      | Found a glowing golden altar of the Shining One.
  3285 | D:4      | Found a staircase to the Ecumenical Temple.
  3288 | D:4      | Noticed a black bear
  3626 | D:4      | Slain by a black bear

Illustrated notes

Levels and vault maps discovered:
D:1:      mrwooster_arrival_statue_3, layout_basic, roderic_lattice_a
D:2:      layout_loops_ring, dk_noncrumbling_3
D:3:      layout_basic, nicolae_tso_swordbearing_angel, serial_shops, shop,
          st_stairs_8, uniq_jessica, uniq_grinder
D:4:      layout_basic, lemuel_blue_sif_altar, minmay_temple_entry_wispy

Skill      XL: |  1  2  3  4 |
---------------+-------------+-----
Spellcasting   | 3 5 |  5.4
Dodging        | |  2.1
Stealth        | |  1.5

Action                     |  1- 3 |  4- 6 || total
---------------------------+-------+-------++-------
  Melee: Unarmed           |    14 |       ||    14
         Dagger            |       |     1 ||     1
   Cast: Shock             |    80 |    29 ||   109
         Static Discharge  |       |    11 ||    11
    Use: Scroll            |     3 |     8 ||    11
         Potion            |       |     2 ||     2
 Armour: Robe              |    12 |     8 ||    20
  Dodge: Dodged            |    23 |    29 ||    52

Table legend: (Time is in decaauts)
 A = Elapsed time spent in this place.
 B = Non-inter-level travel time spent in this place.
 C = Inter-level travel time spent in this place.
 D = Time resting spent in this place.
 E = Time spent auto-exploring this place.
 F = Levels seen in this place.
 G = Mean time per level.
                   A        B        C        D        E       F      G
               +--------+--------+--------+--------+--------+-----+--------+
         Total |   3625 |   3540 |     85 |   1401 |   1676 |   4 |  906.2 |
       Dungeon |   3625 |   3540 |     85 |   1401 |   1676 |   4 |  906.2 |
               +--------+--------+--------+--------+--------+-----+--------+

Top non-repeatable levels by time:
     D:3: 1770 daAuts
     D:1: 1117 daAuts
     D:2: 722 daAuts
     D:4: 15 daAuts
